 Dungeon Crawl Stone Soup version 0.29.0-4-gdea44cf6ec (webtiles) character file.

Game seed: 11258159465546725223

115 qw the Chopper (level 5, 0/30 HPs)
             Began as a Tengu Warper on Aug 28, 2022.
             Slain by a gnoll
             ... wielding a +0 club
              (6 damage)
             ... on level 2 of the Dungeon.
             The game lasted 00:00:11 (2146 turns).

qw the Chopper (Tengu Warper)                       Turns: 2146, Time: 00:00:12

Health: 0/30       AC:  5    Str: 19    XL:     5   Next: 0%
Magic:  9/9        EV: 13    Int: 13    God:
Gold:   74         SH:  0    Dex: 14    Spells: 8/8 levels left

rFire   . . .      SeeInvis .   n - +1 hand axe (venom)
rCold   . . .      Faith    .   (no shield)
rNeg    . . .      Spirit   .   j - +0 ring mail
rPois   .          Reflect  .   (helmet restricted)
rElec   .          Harm     .   (no cloak)
rCorr   .          Rampage  .   (no gloves)
Will    .....                   (boots unavailable)
Stlth   +.........              f - amulet of the acrobat
HPRegen 0.10/turn               d - +6 ring of strength
MPRegen 0.11/turn               (no ring)

@: flying quickly and evasively, quick
A: beak, talons 3, nimble flight
a: no special abilities


You were on level 2 of the Dungeon.
You visited 1 branch of the dungeon, and saw 2 of its levels.

You collected 74 gold pieces.


Innate Abilities, Weirdness & Mutations

You have a beak for a mouth.
You have claws for feet.
Your magical nature lets you fly swiftly and evasively.


   Skills:
 - Level 2.0 Fighting
 + Level 5.5 Axes
 - Level 1.0 Throwing
 - Level 1.1 Armour
 - Level 2.1 Dodging
 - Level 2.0 Spellcasting
 - Level 2.4 Translocations


You had 8 spell levels left.
You didn't know any spells.
Your spell library contained the following spells:

 Spells                   Type           Power      Damage    Failure   Level
 Blink                    Tloc           14%        N/A       26%         2
 Gell's Gravitas          Tloc           7%         N/A       45%         3
 Lesser Beckoning         Tloc           7%         N/A       45%         3
 Teleport Other           Tloc           7%         N/A       45%         3
 Manifold Assault         Tloc           7%         N/A       99%         5

Inventory:

Hand Weapons
 g - a +0 club
 n - a +1 hand axe of venom (weapon)
Armour
 j - a +0 ring mail (worn)
 k - a +0 chain mail
Jewellery
 d - a +6 ring of strength (left hand)
 f - an amulet of the acrobat (around neck)
Scrolls
 a - a scroll of fear {unknown}
 o - a scroll of identify {unknown}
Potions
 b - a potion of flight {unknown}
 c - a potion of attraction {unknown}
 e - a potion of degeneration {unknown}
 h - a potion of curing
 i - a potion of might {unknown}
 l - a potion of cancellation {unknown}
 m - 2 potions of lignification {unknown}

Dungeon Overview and Level Annotations

Branches:
Dungeon (2/15)

Altars:


Message History

You feel sick. x4
You are no longer poisoned.
HP restored.
You open the door.
There is an open door here.
There is an open door here.
You see here a +1 hand axe. 2 gnolls come into view.
The gnoll shouts!
The gnoll moves out of view.
A gnoll comes into view. It is wielding a +0 whip.
2134 ||| Stepping ~*~*~tactically~*~*~ (stealth).
The gnoll moves out of view.
A gnoll comes into view. It is wielding a +0 halberd.
2136 ||| Stepping ~*~*~tactically~*~*~ (stealth).
The gnoll moves out of view.
You closely miss the gnoll. The gnoll hits you with a +0 flail!
You barely miss the gnoll. The gnoll hits you with a +0 flail.
You hit the gnoll.
The gnoll is poisoned.
The gnoll is moderately wounded.
The gnoll hits you with a +0 flail!
You closely miss the gnoll. Your kick misses the gnoll.
The gnoll is heavily wounded.
You slash the gnoll!
The gnoll is poisoned.
Your kick misses the gnoll. You peck the gnoll.
The gnoll is almost dead.
You kill the gnoll!
You closely miss the gnoll. You claw the gnoll.
You kill the gnoll!
You have reached level 5!
Your magical nature develops, letting you fly swiftly and evasively.
You slash the gnoll! You peck the gnoll, but do no damage.
The gnoll is severely wounded.
The gnoll hits you with a +0 club.
You barely miss the gnoll. Your kick misses the gnoll.
The gnoll is severely wounded.
The gnoll hits you with a +0 club.
You die...

#.#### #.#.# ## #....#
##'#.#### ####.#
##........ #.#
##.....#### ##.##
##.......##
##...####.........##
###.......'....^....'.
#.......).#.........##
#.###@###.##.......##
#. #g# #.###<....## #
#.# #.# ##...## ..#
#.# ##%## .### #.# #.#
#. #.# #.# . #.# #.#
.g ..# ... ## ...


You could see a gnoll.

Vanquished Creatures
  2 gnolls (D:2)
  4 adders (D:2)
  A worm (D:2)
  A dart slug (D:1)
  An orc (D:2)
  5 ball pythons
  6 bats
  4 endoplasms
  2 giant cockroaches
  5 goblins
  6 hobgoblins
  3 jackals (D:2)
  A kobold (D:1)
  4 quokkas
  2 frilled lizards (D:1)
  4 rats
51 creatures vanquished.

Notes
Turn   | Place    | Note
-------+----------+-------------------------------------------
     0 | D:1      | qw the Tengu Warper began the quest for the Orb.
     0 | D:1      | Reached XP level 1. HP: 12/12 MP: 4/4
     0 | D:1      | 0 ||| qw: Version: 0.1-a-89-g26bdef1
     0 | D:1      | 0 ||| qw: Game counter: 286
     0 | D:1      | 0 ||| qw: Always use a shield: true
     0 | D:1      | 0 ||| qw: God list: Okawaru
     0 | D:1      | 0 ||| qw: Allow faded altars: false
     0 | D:1      | 0 ||| qw: Do Orc after D:15 true
     0 | D:1      | 0 ||| qw: Do second Lair branch before Depths: true
     0 | D:1      | 0 ||| qw: Lair rune preference: random
     0 | D:1      | 0 ||| qw: Plans: Normal
     0 | D:1      | 0 ||| PLANNING D:1-11
    30 | D:1      | 30 ||| Stepping ~*~*~tactically~*~*~ (hiding).
   173 | D:1      | Reached skill level 3 in Axes
   173 | D:1      | Reached XP level 2. HP: 12/17 MP: 6/6
   732 | D:1      | Reached XP level 3. HP: 14/21 MP: 7/7
   832 | D:1      | Found a faded altar of an unknown god.
  1062 | D:1      | Reached skill level 4 in Axes
  1079 | D:1      | 1079 ||| UPGRADING to +0 ring mail.
  1089 | D:1      | 1089 ||| DROPPING +0 leather armour.
  1090 | D:1      | 1090 ||| UPGRADING to amulet of the acrobat.
  1095 | D:1      | 1095 ||| DROPPING amulet of faith.
  1096 | D:1      | 1096 ||| UPGRADING to +6 ring of strength.
  1097 | D:1      | 1097 ||| READING scroll labelled KIQURO KEFAMISEAGI.
  1098 | D:1      | 1098 ||| DRINKING 2 pink potions.
  1099 | D:1      | 1099 ||| DRINKING 2 green potions.
  1100 | D:1      | 1100 ||| DROPPING scroll of blinking.
  1101 | D:1      | 1101 ||| DROPPING potion of brilliance.
  1604 | D:2      | Reached XP level 4. HP: 26/26 MP: 8/8
  1735 | D:2      | 1735 ||| Stepping ~*~*~tactically~*~*~ (stealth).
  1925 | D:2      | Reached skill level 5 in Axes
  1955 | D:2      | 1955 ||| SWAPPING to +1 hand axe of venom.
  1956 | D:2      | 1956 ||| DROPPING +1 hand axe.
  2134 | D:2      | 2134 ||| Stepping ~*~*~tactically~*~*~ (stealth).
  2136 | D:2      | 2136 ||| Stepping ~*~*~tactically~*~*~ (stealth).
  2145 | D:2      | Gained mutation: Your magical nature lets you fly swiftly
                  | and evasively. [Tengu growth]
  2145 | D:2      | Reached XP level 5. HP: 11/30 MP: 9/9
  2145 | D:2      | HP: 6/30 [gnoll/+0 club (5)]
  2146 | D:2      | Slain by a gnoll

Levels and vault maps discovered:
D:1:      minmay_arrival_three_doors, layout_rooms,
          hellmonk_ecumenical_altar_crossroads
D:2:      layout_loops_corners, grunt_ministairs_5

Skill      XL: |  1  2  3  4 |
---------------+-------------+-----
Axes           | 3 4 5 |  5.5
Fighting       | |  2.0
Throwing       | |  1.0
Armour         | |  1.1
Dodging        | |  2.1
Spellcasting   | |  2.0
Translocations | |  2.4

Action                   |  1- 3 |  4- 6 || total
-------------------------+-------+-------++-------
Melee: Hand axe          |   107 |    37 ||   144
       Kick              |    22 |     7 ||    29
       Peck              |     8 |     8 ||    16
Throw: Boomerang         |     7 |       ||     7
  Use: Potion            |     2 |       ||     2
       Scroll            |     1 |       ||     1
Armor: Leather armour    |    22 |       ||    22
       Ring mail         |    21 |     9 ||    30
Dodge: Dodged            |    61 |    16 ||    77

Table legend:
 A = Non-vault XP
 B = Vault XP
 C = Vault XP percentage of total XP
 D = Non-vault monster count
 E = Vault monster count
 F = Vault count percentage of total count
                 A         B        C        D         E       F
            +---------+---------+-------+---------+---------+-------
      Total |     161 |       4 |   2.4 |      49 |       2 |   3.9
            +---------+---------+-------+---------+---------+-------
        D:1 |      45 |       0 |   0.0 |      25 |       0 |   0.0
        D:2 |     116 |       4 |   3.3 |      24 |       2 |   7.7
            +---------+---------+-------+---------+---------+-------
